 Dungeon Crawl Stone Soup version 0.27-a0-203-gd48b2df3c9 (webtiles) character file.

Game seed: 16876245937352472918

7260 dolemite99 the Cleaver (level 10, -1/88 HPs)
             Began as a Deep Dwarf Fighter on Jan 30, 2021.
             Was a Believer of Makhleb.
             Slain by a fire bat (8 damage)
             ... on level 10 of the Dungeon.
             The game lasted 00:20:18 (11462 turns).

dolemite99 the Cleaver (Deep Dwarf Fighter)        Turns: 11462, Time: 00:20:19

Health: -1/88      AC: 15    Str: 23    XL:     10   Next: 88%
Magic:  8/8        EV:  6    Int:  9    God:    Makhleb [**....]
Gold:   233        SH:  9    Dex: 12    Spells: 9/9 levels left

rFire    . . .     SeeInvis +   a - +7 hand axe (elec)
rCold    . . .     Faith    .   c - +0 kite shield
rNeg     . . .     Spirit   .   M - +0 chain mail
rPois    .         Reflect  .   (no helmet)
rElec    .         Harm     .   A - +1 cloak
rCorr    .         Rampage  .   (no gloves)
Will     +....                  Z - +1 pair of boots
Stlth    ..........             (no amulet)
HPRegen  0.00/turn              r - ring of see invisible
MPRegen  0.11/turn              (no ring)

@: non-regenerating
A: damage resistance, heal wounds, sense surroundings 2, no regeneration
a: Heal Wounds, Renounce Religion, Minor Destruction


You were on level 10 of the Dungeon.
You worshipped Makhleb.
Makhleb was pleased with you.
You visited 2 branches of the dungeon, and saw 11 of its levels.

You collected 467 gold pieces.
You spent 234 gold pieces at shops.

Inventory:

Hand Weapons
 a - a +7 hand axe of electrocution (weapon)
 b - a +0 hand crossbow
 t - a +0 whip of flaming
 v - a +0 hunting sling
 E - a +0 war axe
 P - the +8 whip of Blood-Lust {vorpal, Int-3 Dex+7}
   (You found it on level 5 of the Dungeon)

   It inflicts extra damage upon your enemies.
   It affects your intelligence (-3).
   It affects your dexterity (+7).
Missiles
 g - 103 sling bullets
 m - 17 boomerangs
 n - 126 bolts
 q - 308 stones
 R - 26 poisoned darts (quivered)
Armour
 c - a +0 kite shield (worn)
 p - the +3 salamander hide armour {Flames rF++ rC--}
   (You found it on level 9 of the Dungeon)

   It greatly protects you from fire.
   It makes you very vulnerable to cold.
 A - a +1 cloak (worn)
 M - a +0 chain mail (worn)
 Z - a +1 pair of boots (worn)
Jewellery
 r - a ring of see invisible (left hand)
Wands
 l - a wand of mindburst (14)
 C - a wand of iceblast (8)
 H - a wand of polymorph (11)
 L - a wand of flame (16)
 V - a wand of paralysis (4)
 X - a wand of random effects (16)
Scrolls
 d - a scroll of immolation
 h - 3 scrolls of blinking
 i - a scroll of amnesia
 w - a scroll of enchant weapon
 x - 8 scrolls of remove curse {@r2}
 y - 3 scrolls of fog
 J - 5 scrolls of teleportation
 K - 4 scrolls of magic mapping
Potions
 e - 2 potions of resistance {unknown}
 f - 3 potions of heal wounds
 j - 2 potions of magic
 k - a potion of invisibility
 o - a potion of lignification
 s - 6 potions of curing
 u - 2 potions of degeneration
 B - 3 potions of flight
 F - a potion of berserk rage
 G - a potion of attraction
 I - a potion of brilliance
 O - 2 potions of ambrosia
 Q - a potion of mutation
 S - a potion of haste
 T - 2 potions of might


   Skills:
 - Level 5.1 Fighting
 - Level 12.2 Axes
 - Level 7.5 Crossbows
 - Level 8.5 Armour
 - Level 3.4 Shields
 + Level 7.2 Evocations


You had 9 spell levels left.
You didn't know any spells.
Your spell library contained the following spells:

 Spells                   Type           Power        Failure   Level
 Foxfire                  Conj/Fire      0%           100%        1
 Magic Dart               Conj           0%           100%        1
 Blink                    Tloc           N/A          100%        2
 Call Imp                 Summ           0%           100%        2
 Slow                     Hex            0%           100%        2
 Conjure Flame            Conj/Fire      0%           100%        3
 Mephitic Cloud           Conj/Pois/Air  0%           100%        3
 Cause Fear               Hex            0%           100%        4
 Dragon Form              Tmut           0%           100%        7
 Dragon's Call            Summ           0%           100%        9


Dungeon Overview and Level Annotations

Branches:
Dungeon (10/15)            Temple (1/1) D:7             Orc (0/2) D:10
   Lair: D:8-11

Altars:
Cheibriados
Dithmenos
Gozag
Kikubaaqudgha
Makhleb
Ru
Sif Muna
Trog
Wu Jian
Xom
Zin

Shops:
D:7 !

Annotations:
D:2 exclusion: downstairs


Innate Abilities, Weirdness & Mutations

You are resistant to damage.
You can heal yourself by infusing magical energy.
You passively map the area around you.
You do not regenerate.


Message History

The fire giant is wielding a +1 great sword of flaming.
The fire bat bites you but does no damage.
The fire giant unwields a +1 great sword of flaming.
It stops flaming.
The fire giant drops a +1 great sword of flaming.
The fire giant picks up the +7 great mace "Firestarter" {inner flame, rF++}.
The fire giant wields the +7 great mace "Firestarter" {inner flame, rF++}.
It bursts into flame!
Found a +1 great sword of flaming and a leatherbound book.
A fire bat comes into view.
You block the fire bat's attack.
The fire giant gestures at you while chanting.
The bolt of fire hits the fire bat.
The fire bat completely resists.
The bolt of fire hits you!!
* * * LOW HITPOINT WARNING * * *
You block the fire bat's attack.
Found a trident.
The fire bat closely misses you. The fire bat bites you.
You are engulfed in flames!
You die...

* *
#.####...........
* *.#* #.#
#.....8..... ..#
#.# ####.....###
*,, ..#* #.#
###.#...# , .,
..# #.# #.....# ,
... #.# #.#
####### *
....#..##.#
,,#:#...bb#.# , ⌠
, #C...b.@.# ,
#)#..(..#.# * *
....#..##.# ,*
).. #.#*#.# * ,,.
,..# ..# * ..#*
.## ..#* #* .# *
, * *


You could see a fire giant and 3 fire bats.

Vanquished Creatures
  Pikel (D:6)
  A manticore (D:10)
  Joseph (D:7)
  A steam dragon (D:9)
  9 yaks (D:9)
  Eustachio (D:6)
  2 water moccasins
  An ice beast (D:7)
  A sky beast (D:9)
  A black bear (D:8)
  5 orc warriors
  2 phantoms
  4 ogres
  6 centaurs
  A wyvern zombie (D:9)
  A gnoll sergeant (D:5)
  2 bullfrogs
  7 scorpions
  2 water moccasin skeletons
  4 wights (D:8)
  8 killer bees
  6 howler monkeys
  A centaur zombie (D:9)
  2 quasits
  A bullfrog zombie (D:7)
  A jelly (D:5)
  3 hounds
  A gnoll shaman (D:6)
  An orc priest (D:7)
  2 bullfrog skeletons
  Jessica (D:3)
  2 iguanas (D:9)
  8 orc wizards
  Natasha (thrice) (D:3)
  9 worker ants
  A worker ant zombie (D:6)
  3 gnolls (D:6)
  9 adders
  3 shadow imps
  4 white imps
  4 ufetubi
  3 worms
  4 dart slugs
  5 leopard geckos
  28 orcs
  A ball python (D:3)
  13 bats
  6 giant cockroaches
  5 goblins
  4 hobgoblins
  6 jackals
  9 kobolds
  A quokka (D:4)
  3 frilled lizards
  A giant cockroach zombie (D:5)
  A leopard gecko zombie (D:7)
  A quokka skeleton (D:5)
  6 rats
223 creatures vanquished.

Notes
Turn   | Place    | Note
-------+----------+-------------------------------------------
     0 | D:1      | dolemite99 the Deep Dwarf Fighter began the quest for the
                  | Orb.
     0 | D:1      | Reached XP level 1. HP: 20/20 MP: 1/1
    89 | D:1      | Reached XP level 2. HP: 24/27 MP: 2/2
   573 | D:1      | Reached skill level 3 in Axes
  1647 | D:2      | Reached XP level 3. HP: 23/33 MP: 3/3
  2302 | D:3      | Noticed Jessica
  2305 | D:3      | HP: 1/33 [Jessica/nerve-wracking pain (7)]
  2755 | D:2      | Reached skill level 4 in Axes
  3237 | D:3      | Killed Jessica
  3238 | D:3      | Reached XP level 4. HP: 33/40 MP: 4/4
  3337 | D:3      | Reached skill level 5 in Axes
  3400 | D:3      | Reached XP level 5. HP: 44/48 MP: 5/5
  3610 | D:3      | Noticed Natasha
  3617 | D:3      | Killed Natasha
  3668 | D:3      | Reached skill level 6 in Axes
  3792 | D:3      | Noticed Natasha
  3806 | D:3      | Killed Natasha
  3877 | D:3      | Noticed Natasha
  3893 | D:3      | Killed Natasha
  4200 | D:4      | Reached XP level 6. HP: 38/55 MP: 5/5
  4416 | D:4      | Reached skill level 7 in Axes
  4609 | D:5      | Entered Level 5 of the Dungeon
  5085 | D:5      | Reached skill level 8 in Axes
  5210 | D:5      | Reached XP level 7. HP: 47/61 MP: 6/6
  5398 | D:5      | Reached skill level 9 in Axes
  5631 | D:5      | Got a transparent whip
  5926 | D:6      | Noticed Eustachio
  5932 | D:6      | Reached skill level 10 in Axes
  5949 | D:6      | Killed Eustachio
  5950 | D:6      | Reached XP level 8. HP: 59/68 MP: 6/6
  6525 | D:6      | Reached skill level 11 in Axes
  6759 | D:6      | Noticed Pikel
  6772 | D:6      | Killed Pikel
  6773 | D:6      | Reached skill level 12 in Axes
  6847 | D:6      | Gained mutation: You passively map the area around you.
                  | [Deep Dwarf growth]
  6847 | D:6      | Reached XP level 9. HP: 44/76 MP: 7/7
  6929 | D:6      | Found a sacrificial altar of Ru.
  7085 | D:6      | Found a glowing silver altar of Zin.
  7579 | D:7      | Found Qesyihop's Distillery.
  7598 | D:7      | Reached skill level 5 in Fighting
  7600 | D:7      | Bought a potion of haste for 130 gold pieces
  7600 | D:7      | Bought a potion of might for 52 gold pieces
  7600 | D:7      | Bought a potion of might for 52 gold pieces
  7727 | D:7      | Noticed Joseph
  7757 | D:7      | Paralysed by Joseph for 3 turns
  7762 | D:7      | Killed Joseph
  7763 | D:7      | Reached skill level 5 in Armour
  8682 | D:7      | Found a staircase to the Ecumenical Temple.
  8691 | Temple   | Entered the Ecumenical Temple
  8726 | Temple   | Became a worshipper of Makhleb the Destroyer
  9597 | D:8      | Reached * piety under Makhleb
  9598 | D:8      | Reached skill level 1 in Crossbows
  9607 | D:8      | Reached XP level 10. HP: 50/88 MP: 8/8
  9970 | D:8      | Identified the +8 whip of Blood-Lust {vorpal, Int-3 Dex+7}
                  | (You found it on level 5 of the Dungeon)
 10232 | D:9      | Reached skill level 5 in Crossbows
 10656 | D:9      | Found the +3 salamander hide armour {Flames rF++ rC--}
 10769 | D:9      | Reached ** piety under Makhleb
 10934 | D:10     | Entered Level 10 of the Dungeon
 10934 | D:10     | Noticed a manticore
 10943 | D:10     | Killed a manticore
 11421 | D:10     | Found a staircase to the Orcish Mines.
 11460 | D:10     | Noticed a fire giant
 11462 | D:10     | Slain by a fire bat

Illustrated notes

Levels and vault maps discovered:
D:1:      eino_arrival_water_star, layout_basic, st_stairs_5,
          kennysheep_small_spiral
D:2:      layout_basic, minmay_misc_feat_chi
D:3:      layout_rooms, minmay_quadrilaterals, uniq_jessica, uniq_natasha
D:4:      layout_gridville
D:5:      minmay_spotlight, layout_loops_corners, minmay_divided_ellipse
D:6:      layout_basic, old_standard_altar, nicolae_ru_sacrificial_ziggurat,
          uniq_sigmund, uniq_pikel, uniq_eustachio
D:7:      layout_loops_ring, temple_statues, serial_shops,
          nicolae_shop_statue_plus, uniq_joseph
D:8:      layout_gridville
D:9:      layout_basic
D:10:     minmay_firetagon, layout_basic, david_orc_2, kennysheep_generic_room_7
Temple:   minmay_crystal_snake_temple

Skill      XL: |  1  2  3  4  5  6  7  8  9 10 |
---------------+-------------------------------+-----
Axes           | 3 4 5 6 8 10 12 | 12.2
Fighting       | 3 5 |  5.1
Armour         | 8 |  8.5
Crossbows      | 1 7 |  7.5
Evocations     | 7 |  7.2
Shields        | |  3.4

Action                   |  1- 3 |  4- 6 |  7- 9 | 10-12 || total
-------------------------+-------+-------+-------+-------++-------
Melee: War axe           |   102 |    31 |       |       ||   133
       Hand axe          |       |   128 |   234 |   141 ||   503
 Fire: Hand crossbow     |       |       |    25 |    25 ||    50
Throw: Stone             |       |     5 |    15 |       ||    20
       Boomerang         |       |       |    10 |       ||    10
       Dart              |       |       |     3 |    16 ||    19
 Abil: Heal Wounds       |     1 |     3 |     9 |     3 ||    16
  Use: Scroll            |     1 |     9 |    16 |     4 ||    30
       Potion            |       |       |     2 |     2 ||     4
Armor: Scale mail        |    56 |    49 |       |       ||   105
       Chain mail        |       |    16 |   105 |    78 ||   199
       Skin              |       |       |    36 |    18 ||    54
Dodge: Dodged            |    48 |    44 |    52 |    38 ||   182
Block: Kite shield       |    69 |    74 |   116 |    74 ||   333

Table legend: (Time is in decaauts)
 A = Elapsed time spent in this place.
 B = Non-inter-level travel time spent in this place.
 C = Inter-level travel time spent in this place.
 D = Time resting spent in this place.
 E = Time spent auto-exploring this place.
 F = Levels seen in this place.
 G = Mean time per level.
                   A        B        C        D        E       F      G
               +--------+--------+--------+--------+--------+-----+--------+
         Total |  11594 |  11386 |    208 |   4559 |   4161 |  11 | 1054.0 |
       Dungeon |  11527 |  11350 |    177 |   4559 |   4129 |  10 | 1152.7 |
        Temple |     67 |     36 |     31 |      0 |     32 |   1 |   67.0 |
               +--------+--------+--------+--------+--------+-----+--------+

Top non-repeatable levels by time:
     D:7: 1713 daAuts
     D:1: 1641 daAuts
     D:6: 1554 daAuts
     D:5: 1321 daAuts
     D:3: 1279 daAuts
     D:2: 1279 daAuts
     D:9: 888 daAuts
     D:8: 815 daAuts
    D:10: 524 daAuts
     D:4: 509 daAuts
  Temple: 67 daAuts
